 Dungeon Crawl Stone Soup version 0.21.1-1-g345015f (webtiles) character file.

3657 GreenArt the Blocker (level 9, 0/88 HPs)
             Began as a Deep Dwarf Fighter on May 2, 2018.
             Was a Follower of Makhleb.
             Slain by Raikon's ghost (3 damage)
             ... on level 7 of the Dungeon on May 3, 2018.
             The game lasted 01:06:27 (7622 turns).

GreenArt the Blocker (Deep Dwarf Fighter)           Turns: 7622, Time: 01:06:27

Health: 0/88       AC: 15    Str: 21 (22) XL:     9   Next: 88%
Magic:  0/0        EV: 10    Int:  6 (8)  God:    Makhleb [*.....]
Gold:   89         SH: 19    Dex: 13 (14) Spells: 8/8 levels left

rFire    . . .     SeeInvis .   U - +2 flail (crush)
rCold    . . .     Gourm    .   j - +2 large shield {AC+3}
rNeg     . . .     Faith    .   b - +0 scale mail
rPois    .         Spirit   .   r - +1 helmet
rElec    +         Reflect  .   K - +0 cloak
rCorr    .         Harm     .   v - +0 pair of gloves
MR       +....                  (no boots)
Stlth    +.........             (no amulet)
HPRegen  0.00/turn              d - +2 ring of dexterity
MPRegen  0.07/turn              B - ring of stealth

@: non-regenerating
A: damage resistance, heal wounds, dopey 1, sense surroundings 2, robust 1,
electricity resistance, no regeneration
a: Heal Wounds, Renounce Religion


You were on level 7 of the Dungeon.
You worshipped Makhleb.
Makhleb was aware of your devotion.
You were not hungry.

You visited 2 branches of the dungeon, and saw 8 of its levels.

You collected 303 gold pieces.
You spent 214 gold pieces at shops.

Inventory:

Hand Weapons
 a - a +0 war axe
 c - a +0 shortbow
 u - the cursed +13 scythe of Curses {drain, *Curse}
   (You found it on level 5 of the Dungeon)

   A truly terrible weapon, it drains the life of those it strikes.
   It curses itself when equipped.
   It has a curse placed upon it.
 G - a +3 quarterstaff of chaos
 N - a cursed +3 trident
 S - a +3 short sword
 U - a +2 flail of crushing (weapon)
 V - a +2 falchion of freezing
Missiles
 i - 163 arrows
 l - 11 stones (quivered)
 X - 27 poisoned needles
 Z - 8 tomahawks
Armour
 b - a +0 scale mail (worn)
 j - a +2 large shield of protection (worn)
 r - a +1 helmet (worn)
 v - a +0 pair of gloves (worn)
 H - a +1 robe of magic resistance
 J - a +1 robe of resistance
 K - a +0 cloak (worn)
Magical Staves
 e - an uncursed staff of earth {unknown}
 E - an uncursed staff of cold {unknown}
Jewellery
 d - a +2 ring of dexterity (left hand)
 B - a ring of stealth (right hand)
Wands
 L - a wand of acid (4)
 R - a wand of flame (19)
Scrolls
 h - 3 scrolls of immolation
 k - 2 scrolls of teleportation
 t - a scroll of enchant weapon
 y - 3 scrolls of identify
 Q - 9 scrolls of remove curse
Potions
 g - 3 potions of mutation
 p - 2 potions of lignification
 z - 2 potions of agility
 W - 2 potions of degeneration
Comestibles
 f - 15 rations


   Skills:
 + Level 4.8 Fighting
 + Level 4.1(6.2) Axes
 + Level 6.5(7.0) Maces & Flails
 + Level 7.3 Armour
 + Level 6.0 Dodging
 + Level 1.3 Stealth
 + Level 9.0 Shields


You had 8 spell levels left.
You didn't know any spells.

Dungeon Overview and Level Annotations

Branches:
Dungeon (7/15)             Temple (1/1) D:4

Altars:
Ashenzari
Cheibriados
Dithmenos
Elyvilon
Fedhas
Gozag
Hepliaklqana
Kikubaaqudgha
Makhleb
Nemelex Xobeh
Okawaru
Qazlal
Ru
Sif Muna
Trog
Uskayaw
Vehumet
Wu Jian
Xom
Yredelemnul
Zin
The Shining One

Shops:
D:4 [}

Annotations:
D:7 Raikon's ghost, novice MfSk


Innate Abilities, Weirdness & Mutations

You are resistant to damage.
You can heal yourself by infusing magical energy.
You passively map the area around you.
You do not regenerate.
You are dopey. (Int -2)
You are robust. (+10% HP)
You are resistant to electric shocks. (rElec)


Message History

Raikon's ghost is heavily damaged.
You block Raikon's ghost's attack.
You closely miss Raikon's ghost.
Raikon's ghost is heavily damaged.
Raikon's ghost hits you!
* * * LOW HITPOINT WARNING * * *
You closely miss Raikon's ghost.
Raikon's ghost is heavily damaged.
You block Raikon's ghost's attack.
Your shield prevents you from hitting Raikon's ghost.
Raikon's ghost is heavily damaged.
You block Raikon's ghost's attack.
You hit Raikon's ghost.
Raikon's ghost is heavily damaged.
You block Raikon's ghost's attack. Raikon's ghost barely misses you.
You don't have enough innate magic capacity.
You miss Raikon's ghost.
Raikon's ghost is heavily damaged.
Raikon's ghost hits you.
You die...

... , * #.# * * ** * *
*##, #.#####.###. ...
#........... #.# #.#
##...# *,..## #.#
#.###.#..# *..... , #.#
#.......###....., , #.#
##..###.#W...#,, , ,
##.## #..#...@....# *
#...## #.....#.....#, ,
.....#####.......##.....
..........>......##.....
*
..(....###.............?*
, *
..<....####.#....##$##..
.....####...#..>...... .
* ................######
,* ,, , ..#.#####.#####.#
*, ,,, ,


You could see Raikon's ghost.

Vanquished Creatures
  The ghost of Raikon the Poker, an amateur MfSk (D:3)
  The ghost of suvakkihuora the Chopper, an amateur DDMo (D:4)
  Eustachio (D:6)
  6 yaks (D:7)
  A wyvern (D:4)
  Edmund (D:5)
  An ice beast (D:6)
  A sky beast (D:6)
  A phantom (D:7)
  2 centaurs
  2 ogres (D:4)
  Blork the orc (D:5)
  2 bullfrogs
  A scorpion (D:5)
  5 killer bees (D:7)
  4 wights (D:6)
  2 howler monkeys
  A crimson imp (D:5)
  4 hounds
  Crazy Yiuf (D:5)
  An iguana (D:6)
  Terence (D:3)
  Natasha (thrice) (D:3)
  6 orc wizards
  3 worker ants
  A worker ant zombie (D:5)
  10 adders
  2 oozes
  4 adder skeletons
  2 worms
  2 dart slugs (D:1)
  2 leopard geckos
  7 orcs
  A ball python (D:1)
  8 bats
  6 giant cockroaches
  8 goblins
  11 hobgoblins
  18 jackals
  7 kobolds
  A quokka (D:5)
  A ball python skeleton (D:4)
  2 frilled lizards (D:2)
  A quokka skeleton (D:4)
  6 rats
153 creatures vanquished.

Notes
Turn   | Place    | Note
-------+----------+-------------------------------------------
     0 | D:1      | GreenArt the Deep Dwarf Fighter began the quest for the Orb.
     0 | D:1      | Reached XP level 1. HP: 20/20 MP: 1/1
    80 | D:1      | Reached XP level 2. HP: 24/27 MP: 2/2
   240 | D:1      | Found a shattered altar of Ashenzari.
   519 | D:1      | Reached XP level 3. HP: 33/34 MP: 3/3
  1879 | D:2      | Reached XP level 4. HP: 33/42 MP: 4/4
  1968 | D:2      | Reached skill level 4 in Shields
  2615 | D:3      | Noticed Raikon's ghost (amateur MfSk)
  2807 | D:3      | Noticed Terence
  2825 | D:3      | Killed Terence
  3086 | D:3      | Reached XP level 5. HP: 48/49 MP: 4/4
  3091 | D:3      | Noticed Natasha
  3098 | D:3      | Killed Natasha
  3152 | D:3      | Noticed Natasha
  3160 | D:3      | Killed Natasha
  3160 | D:3      | Reached skill level 1 in Dodging
  3162 | D:3      | Noticed Natasha
  3175 | D:3      | Killed Natasha
  3382 | D:3      | Killed Raikon's ghost
  3382 | D:3      | Reached skill level 1 in Maces & Flails
  3382 | D:3      | Reached XP level 6. HP: 13/56 MP: 4/4
  3413 | D:4      | Reached skill level 5 in Armour
  3417 | D:4      | Noticed suvakkihuora's ghost (amateur DDMo)
  3445 | D:4      | Reached XP level 7. HP: 21/62 MP: 4/4
  3476 | D:4      | Noticed a wyvern
  3477 | D:4      | Killed suvakkihuora's ghost
  3477 | D:4      | Reached skill level 5 in Shields
  3505 | D:4      | Killed a wyvern
  3552 | D:4      | Found a staircase to the Ecumenical Temple.
  3554 | D:4      | Reached XP level 8. HP: 53/72 MP: 2/2
  3615 | Temple   | Entered the Ecumenical Temple
  3934 | D:4      | Found Patrepn's Gadget Emporium.
  4141 | D:4      | Found Huadwopu's Armour Shoppe.
  4443 | D:4      | Bought a +1 large shield of protection for 214 gold pieces
  4673 | Temple   | Became a worshipper of Makhleb the Destroyer
  4738 | D:5      | Entered Level 5 of the Dungeon
  4824 | D:5      | Found the cursed +13 scythe of Curses {drain, *Curse}
  4869 | D:5      | Noticed Blork the orc
  4876 | D:5      | Killed Blork the orc
  5048 | D:5      | Found a burning altar of Makhleb.
  5061 | D:5      | Noticed Edmund
  5075 | D:5      | Killed Edmund
  5075 | D:5      | Reached skill level 6 in Shields
  5102 | D:5      | Got an ichor-stained dagger
  5249 | D:5      | Found a runed door.
  5253 | D:5      | Noticed Crazy Yiuf
  5260 | D:5      | Killed Crazy Yiuf
  5616 | D:5      | Reached * piety under Makhleb
  5711 | D:6      | Got a polished scale mail
  5834 | D:6      | Reached skill level 5 in Maces & Flails
  6027 | D:6      | Noticed Eustachio
  6092 | D:6      | Killed Eustachio
  6092 | D:6      | Reached skill level 7 in Shields
  6092 | D:6      | Gained mutation: You passively map the area around you. [Deep Dwarf growth]
  6092 | D:6      | Reached XP level 9. HP: 43/79 MP: 2/2
  6204 | D:6      | Reached skill level 5 in Dodging
  6290 | D:6      | Reached skill level 1 in Stealth
  6972 | D:7      | Gained mutation: You are dopey. (Int -2) [potion of mutation]
  6972 | D:7      | Gained mutation: You are resistant to electric shocks. (rElec) [potion of mutation]
  6972 | D:7      | Gained mutation: You are robust. (+10% HP) [potion of mutation]
  7015 | D:7      | Found a shadowy altar of Dithmenos.
  7053 | D:7      | Reached skill level 8 in Shields
  7107 | D:7      | Reached skill level 9 in Shields
  7611 | D:7      | Noticed Raikon's ghost (novice MfSk)
  7618 | D:7      | HP: 3/88 [Raikon's ghost (6)]
  7622 | D:7      | Slain by Raikon's ghost

Skill      XL: |  1  2  3  4  5  6  7  8  9 |
---------------+----------------------------+-----
Fighting       | 3 4 |  4.8
Axes           | 3 4 |  4.1
Shields        | 4 5 7 9 |  9.0
Armour         | 4 5 6 7 |  7.3
Dodging        | 2 3 4 6 |  6.0
Maces & Flails | 1 3 5 6 |  6.5
Stealth        | 1 |  1.3

Action                   |  1- 3 |  4- 6 |  7- 9 || total
-------------------------+-------+-------+-------++-------
Melee: War axe           |   164 |   126 |       ||   290
       Flail             |       |    87 |   459 ||   546
 Abil: Heal Wounds       |     1 |     8 |    19 ||    28
  Use: Scroll            |       |     1 |    12 ||    13
       Potion            |       |     1 |    10 ||    11
  Eat: Chunk             |     2 |     6 |     5 ||    13
       Ration            |       |       |     3 ||     3
Armor: Scale mail        |    82 |   151 |   402 ||   635
Dodge: Dodged            |    58 |   126 |   358 ||   542
Block: Shield            |    97 |   188 |   129 ||   414
       Large shield      |       |       |   629 ||   629
